 Dungeon Crawl Stone Soup version 0.29.1-12-g30fa7ad0bf (webtiles) character file.

Game seed: 14698268689325895966

128215 Rrauwl the Severer (level 16, -16/152 HPs)
             Began as a Minotaur Abyssal Knight on Dec 23, 2022.
             Was the Champion of Lugonu.
             Demolished by Rupert
             ... wielding a +2 vorpal great mace
              (28 damage)
             ... on level 1 of the Snake Pit on Dec 24, 2022.
             The game lasted 01:48:38 (29868 turns).

Rrauwl the Severer (Minotaur Abyssal Knight)       Turns: 29868, Time: 01:48:38

Health: -16/152    AC: 23    Str: 24    XL:     16   Next: 47%
Magic:  20/20      EV: 10    Int:  5    God:    Lugonu [******]
Gold:   290        SH: 21    Dex: 16    Spells: 15/15 levels left

rFire   + + .      SeeInvis .   a - +4 broad axe (vorpal)
rCold   + + .      Faith    .   C - +1 tower shield {rC+}
rNeg    + . .      Spirit   .   E - +4 chain mail {rF+}
rPois   +          Reflect  .   (helmet restricted)
rElec   .          Harm     .   r - scarf {repulsion}
rCorr   .          Rampage  .   i - +0 pair of gloves
Will    ++...                   s - +0 pair of boots
Stlth   ..........              L - amulet of regeneration
HPRegen 1.15/turn               d - ring of poison resistance
MPRegen 0.17/turn               u - ring of Igi Wog {rF+ rN+ Will+ Dex+3}

@: about to teleport, repel missiles, unable to read, unable to drink
A: horns 2, retaliatory headbutt, cold resistance 1, dopey 1, low MP 1, robust
1, inability to drink after injury 1, inability to read after injury 1
a: Renounce Religion, Depart the Abyss, Bend Space, Banish, Corrupt, Enter the
Abyss, Brand Weapon With Distortion


You were on level 1 of the Snake Pit.
You worshipped Lugonu.
Lugonu was exalted by your worship.
You visited 7 branches of the dungeon, and saw 26 of its levels.
You visited the Abyss 1 time.
You also visited: Ice Cave.

You collected 2149 gold pieces.
You spent 1859 gold pieces at shops.

Inventory:

Hand Weapons
 a - a +4 vorpal broad axe (weapon)
 b - the +4 hand axe "Ydedey" {flame, rC+ Will++ Stlth+}
   (You found it on level 15 of the Dungeon)

   It burns those it strikes, dealing additional fire damage.
   Big, fiery blades are also staple armaments of hydra-hunters.
   rC:        It protects you from cold.
   Will:      It greatly increases your willpower.
   Stlth:     It makes you more stealthy.
 c - the +6 shillelagh "Devastator" {shatter}
   (You found it on level 4 of the Dungeon)

   It releases a powerful concussive burst when it strikes, dealing extra damage
   to the target and all other foes adjacent to them.
Missiles
 p - 62 poisoned darts (quivered)
 H - 2 boomerangs of dispersal
 J - a throwing net
 K - 4 curare-tipped darts
Armour
 i - a +0 pair of gloves (worn)
 r - a scarf of repulsion (worn)
 s - a +0 pair of boots (worn)
 C - a +1 tower shield of cold resistance (worn)
 E - a +4 chain mail of fire resistance (worn)
Jewellery
 d - a ring of poison resistance (left hand)
 u - the ring of Igi Wog (right hand) {rF+ rN+ Will+ Dex+3}
   (You found it on level 14 of the Dungeon)

   [ring of positive energy]

   Dex:       It affects your dexterity (+3).
   rF:        It protects you from fire.
   rN:        It protects you from negative energy.
   Will:      It increases your willpower.
 F - a ring of ice
 L - an amulet of regeneration (around neck)
 N - the ring of Amer Boi {rF+ rN+ rCorr Stlth+}
   (You bought it in a shop on level 2 of the Orcish Mines)

   [ring of positive energy]

   rF:        It protects you from fire.
   rN:        It protects you from negative energy.
   rCorr:     It protects you from acid and corrosion.
   Stlth:     It makes you more stealthy.
Wands
 y - a wand of digging (2)
 D - a wand of paralysis (20)
 S - a wand of iceblast (3)
Scrolls
 e - a scroll of fear
 k - 3 scrolls of enchant armour
 t - a scroll of fog
 B - a scroll of poison
 R - 2 scrolls of teleportation
Potions
 f - 12 potions of curing
 n - 3 potions of flight
 z - 3 potions of cancellation
 G - 6 potions of lignification
 P - 2 potions of mutation
Miscellaneous
 l - a lightning rod (4/4)
 q - a phantom mirror
 x - a piece from Xom's chessboard (14/15)


   Skills:
 - Level 12.0 Fighting
 - Level 20.0 Axes
 - Level 20.0 Armour
 - Level 5.0 Dodging
 + Level 16.6 Shields
 - Level 11.0 Invocations
 - Level 5.0 Evocations


You had 15 spell levels left.
You didn't know any spells.
Your spell library contained the following spells:

 Spells                   Type           Power      Damage    Failure   Level
 Beastly Appendage        Tmut           0%         N/A       99%         1
 Magic Dart               Conj           0%         1d3       99%         1
 Summon Small Mammal      Summ           0%         N/A       99%         1
 Searing Ray              Conj           0%         2d4       100%        2
 Wereblood                Tmut           0%         N/A       100%        2
 Call Canine Familiar     Summ           0%         N/A       100%        3
 Conjure Flame            Conj/Fire      0%         6-21      100%        3
 Dazzling Flash           Conj/Hex       0%         N/A       100%        3
 Frozen Ramparts          Ice            0%         1d1       100%        3
 Portal Projectile        Hex/Tloc       0%         N/A       100%        3
 Spider Form              Tmut/Pois      0%         N/A       100%        3
 Summon Guardian Golem    Hex/Summ       0%         N/A       100%        3
 Tukima's Dance           Hex            0%         N/A       100%        3
 Anguish                  Hex/Necr       0%         N/A       100%        4
 Animate Armour           Summ/Erth      0%         N/A       100%        4
 Animate Dead             Necr           0%         N/A       100%        4
 Fulminant Prism          Conj/Hex       0%         3d6       100%        4
 Hailstorm                Conj/Ice       0%         3d3       100%        4
 Ice Form                 Ice/Tmut       0%         N/A       100%        4
 Leda's Liquefaction      Hex/Erth       0%         N/A       100%        4
 Petrify                  Tmut/Erth      0%         N/A       100%        4
 Summon Ice Beast         Ice/Summ       0%         N/A       100%        4
 Agony                    Necr           0%         N/A       100%        5
 Blade Hands              Tmut           0%         N/A       100%        5
 Lightning Bolt           Conj/Air       0%         1d11      100%        5
 Metabolic Englaciation   Hex/Ice        0%         N/A       100%        5
 Silence                  Hex/Air        0%         N/A       100%        5
 Iron Shot                Conj/Erth      0%         9d1       100%        6
 Statue Form              Tmut/Erth      0%         N/A       100%        6
 Enfeeble                 Hex            0%         N/A       100%        7
 Haunt                    Necr/Summ      0%         N/A       100%        7
 Malign Gateway           Summ/Tloc      0%         N/A       100%        7
 Orb of Destruction       Conj           0%         9d5       100%        7
 Spellforged Servitor     Conj/Summ      0%         N/A       100%        7
 Infestation              Necr           0%         N/A       100%        8
 Summon Horrible Things   Summ           0%         N/A       100%        8


Dungeon Overview and Level Annotations

Branches:
Dungeon (15/15)            Temple (1/1) D:7            Lair (5/5) D:10
 Shoals (0/4) Lair:2        Snake (1/4) Lair:3        Slime (1/5) Lair:4
    Orc (2/2) D:10            Elf (1/3) Orc:2        Vaults (0/5) D:13
 Depths (0/4) D:15          IceCv (visited)

Altars:
Dithmenos
Elyvilon
Fedhas
Xom
Yredelemnul
Zin
Jiyva

Shops:
D:9 *   Orc:2 (*??=   Snake:1 **(

Annotations:
Snake:1 Rupert


Innate Abilities, Weirdness & Mutations

You have a pair of horns on your head.
You reflexively headbutt those who attack you in melee.
Your flesh is cold resistant. (rC+)
You are dopey. (Int -2)
Your magical capacity is low. (-10% MP)
You are robust. (+10% HP)
You occasionally lose the ability to drink potions when taking damage.
You occasionally lose the ability to read scrolls when taking damage.


Message History

There is an open door here.
There is an entrance to Wiskief's General Store here.
There is an open door here.
You drop 24 scrolls of identify.
There is an open door here.
You open the door.
There is an open door here.
There is an entrance to Wiskief's General Store here.
You open the door.
There is an open door here.
Rupert the Wild comes into view.
He is wielding a +2 vorpal great mace.
Aiming: Paralyse
Press: ? - help, Shift-Dir - straight line, f - Rupert
Aim: Rupert, wielding a +2 vorpal great mace and wearing a +0 chain mail (chance to affect: 5%)
Okay, then.
You make a move on Xom's chessboard...
Rupert flickers and vanishes!
Deactivating autopickup; reactivate with Ctrl-A.
Something tries to affect you, but you resist.
Okay, then.
Okay, then.
Okay, then.
Something hits you.
You hit something. Something hits you!!
You closely miss something. You headbutt something. Something hits you!!
Something hits you!
You barely miss something. Something hits you!!
You feel threatened and lose the ability to drink potions!
* * * LOW HITPOINT WARNING * * *
x2 You can't see any enemies this would affect, really read the scroll of fear?
Okay, then.
You cannot drink potions in your current state!
As you read the scroll of teleportation, it crumbles to dust.
You feel strangely unstable. Something hits you!!
You feel threatened and lose the ability to read scrolls!
* * * LOW HITPOINT WARNING * * *
x2 You block something's attack.
You block something's attack.
You hear a shout!
Something hits you!!
You die...

##.......###
#..........##
#....#####..##
##..### ##..#
##..## ##.#
##...# #..
#..### #..
##.## ##.
##@## ## #..#
# #.## ## ##.#
##. ##.## ##..
##..# ##...
##..## .....
#..## .....
#.......{..#
.....


There were no monsters in sight!

Vanquished Creatures
  Aizul (Snake:1)
  2 quicksilver oozes (Slime:1)
  Nessos (Lair:4)
  A deep elf annihilator (Elf:1)
  The ghost of Rrauwl the Brawler, a journeyman TrMo of Ru (Lair:2)
  An ettin (Orc:2)
  2 great orbs of eyes
  Josephine (Lair:4)
  A rakshasa (D:15)
  Erolcha (D:11)
  6 boulder beetles
  8 hydras
  A catoblepas (Lair:1)
  3 centaur warriors
  An anaconda (Snake:1)
  2 dancing weapons
  2 ogre magi
  2 naga warriors (Snake:1)
  2 tengu warriors
  10 two-headed ogres
  2 alligators (Lair:4)
  2 death yaks (Lair:4)
  Nergalle (D:11)
  A naga sharpshooter (Snake:1)
  A shock serpent (Snake:1)
  4 deep elf knights (Elf:1)
  5 skeletal warriors
  A salamander mystic (Snake:1)
  A bog body (IceCv)
  2 swamp dragons (Lair:4)
  4 deep elf archers (Elf:1)
  A harpy (shapeshifter) (Elf:1)
  4 orc knights
  18 ugly things
  6 deep elf zephyrmancers (Elf:1)
  A necromancer (IceCv)
  16 deep elf pyromancers
  2 orc sorcerers
  2 wolf spiders (Lair:5)
  4 salamanders (Snake:1)
  2 shining eyes (Slime:1)
  A manticore (D:15)
  2 mana vipers (Snake:1)
  A cyclops (D:12)
  6 elephants
  13 black mambas
  2 guardian serpents
  3 naga magi (Snake:1)
  3 unseen horrors
  2 ice statues (IceCv)
  11 cane toads
  4 rime drakes
  A freezing wraith (D:15)
  An efreet (D:15)
  9 komodo dragons
  4 centaur skeletons (D:13)
  An anaconda simulacrum (IceCv)
  A yaktaur (D:11)
  4 ice devils (IceCv)
  Maggie (D:9)
  A tengu conjurer (D:14)
  3 meliai (D:14)
  2 trolls (D:11)
  2 polar bears
  3 hornets
  35 slime creatures
  3 blink frogs (Lair:3)
  A slime creature (shapeshifter) (D:15)
  A snapping turtle (Lair:2)
  6 dream sheep (Lair:4)
  3 dire elephant simulacra (IceCv)
  2 vampires
  Sigmund (D:3)
  3 shadows
  A basilisk (Lair:3)
  A fire elemental (Elf:1)
  6 wraiths
  3 spriggans
  13 wyverns
  A water elemental (Elf:1)
  49 yaks
  Grum (D:9)
  9 vampire mosquitoes
  A death yak simulacrum (IceCv)
  3 harpy simulacra (IceCv)
  3 swamp worms (Lair:4)
  14 nagas
  2 redbacks (Lair:5)
  2 acid dragons
  23 water moccasins
  3 hydra simulacra (IceCv)
  A swamp drake (Lair:4)
  31 orc warriors
  An ice beast (D:5)
  4 black bears
  A sky beast (D:6)
  A boggart (D:13)
  18 centaurs
  8 ogres
  17 wolves
  4 phantoms
  3 kobold brigands
  9 bullfrogs
  2 gnoll sergeants
  3 scorpions
  2 cane toad simulacra (IceCv)
  An earth elemental (Elf:1)
  3 necrophages
  5 wights (D:8)
  4 killer bees (D:8)
  11 howler monkeys
  2 hounds
  2 jellies
  9 orc priests
  Crazy Yiuf (D:3)
  Jessica (D:3)
  Ijyb (D:3)
  Terence (D:3)
  6 iguanas
  12 orc wizards
  Natasha (twice) (D:2)
  A troll simulacrum (IceCv)
  A spriggan simulacrum (IceCv)
  2 wolf simulacra (IceCv)
  8 ogre zombies (D:10)
  A boggart simulacrum (D:15)
  11 gnolls
  5 adders
  2 white imps (D:8)
  2 ufetubi
  2 worms
  4 dart slugs
  53 orcs
  5 ball pythons
  5 bats
  7 endoplasms
  A giant cockroach (D:2)
  7 goblins
  5 hobgoblins
  2 jackals (D:1)
  A quokka (D:1)
  3 frilled lizards
  2 goblin skeletons (D:10)
  3 goblin zombies (D:10)
  2 hobgoblin skeletons (D:10)
  5 hobgoblin zombies (D:10)
  9 kobolds
  3 orc skeletons (D:10)
  10 orc zombies (D:10)
  3 rats
731 creatures vanquished.

Vanquished Creatures (collateral kills)
  Agnes (Snake:1)
1 creature vanquished.

Vanquished Creatures (others)
  2 deep elf knights (Elf:1)
  An orc wizard (D:11)
  A bush (Lair:5)
  29 fungi
  80 plants
113 creatures vanquished.

Grand Total: 845 creatures vanquished

Notes
Turn   | Place    | Note
-------+----------+-------------------------------------------
     0 | Abyss:1  | Rrauwl the Minotaur Abyssal Knight began the quest for the
                  | Orb.
     0 | Abyss:1  | Reached XP level 1. HP: 19/19 MP: 1/1
    50 | Abyss:1  | Noticed an efreet
    68 | Abyss:1  | Noticed a smoke demon
    71 | D:1      | Escaped the Abyss
   275 | D:1      | Reached XP level 2. HP: 19/27 MP: 2/2
   372 | D:1      | Reached ** piety under Lugonu
   470 | D:1      | Gained mutation: You have an increased reservoir of magic.
                  | (+10% MP) [potion of mutation]
   470 | D:1      | Gained mutation: Your spells are a little harder to cast,
                  | but a little more powerful. [potion of mutation]
   956 | D:2      | Reached XP level 3. HP: 32/33 MP: 3/3
  1165 | D:2      | Found a basalt altar of Yredelemnul.
  1190 | D:2      | Noticed Natasha
  1196 | D:2      | Killed Natasha
  1197 | D:2      | Reached XP level 4. HP: 32/40 MP: 5/5
  1405 | D:2      | Noticed Natasha
  1424 | D:2      | Killed Natasha
  1426 | D:2      | Found a faded altar of an unknown god.
  1629 | D:3      | Noticed Jessica
  1641 | D:3      | Killed Jessica
  1642 | D:3      | Reached XP level 5. HP: 43/46 MP: 6/6
  1883 | D:3      | Noticed Sigmund
  1895 | D:3      | Killed Sigmund
  1896 | D:3      | Reached skill level 5 in Armour
  1896 | D:3      | Reached XP level 6. HP: 18/52 MP: 7/7
  2148 | D:3      | Lost mutation: You have an increased reservoir of magic.
                  | (+10% MP) [potion of mutation]
  2148 | D:3      | Lost mutation: Your spells are a little harder to cast, but
                  | a little more powerful. [potion of mutation]
  2148 | D:3      | Gained mutation: Your flesh is cold resistant. (rC+)
                  | [potion of mutation]
  2148 | D:3      | Gained mutation: You are dopey. (Int -2) [potion of
                  | mutation]
  2196 | D:3      | Noticed Ijyb
  2215 | D:3      | Killed Ijyb
  2447 | D:3      | Noticed Terence
  2458 | D:3      | Killed Terence
  2564 | D:3      | Found a runed translucent door.
  2565 | D:3      | Noticed Crazy Yiuf
  2853 | D:3      | Killed Crazy Yiuf
  3263 | D:4      | Reached XP level 7. HP: 56/59 MP: 7/7
  3306 | D:4      | Found the +6 shillelagh "Devastator" {shatter}
  3553 | D:4      | Identified a scroll of acquirement
  3553 | D:4      | Acquired a manual of Armour
  3659 | D:4      | Reached *** piety under Lugonu
  3753 | D:5      | Entered Level 5 of the Dungeon
  4125 | D:5      | Reached XP level 8. HP: 60/66 MP: 8/8
  4434 | D:5      | Reached skill level 10 in Armour
  4501 | D:5      | Reached skill level 10 in Axes
  4864 | D:6      | Found a glowing silver altar of Zin.
  5124 | D:6      | Reached XP level 9. HP: 71/71 MP: 9/9
  5499 | D:7      | Found a staircase to the Ecumenical Temple.
  5509 | Temple   | Entered the Ecumenical Temple
  5972 | D:7      | Reached **** piety under Lugonu
  6073 | D:7      | Found a white marble altar of Elyvilon.
  6343 | D:8      | Found a shimmering altar of Xom.
  6343 | D:8      | Found a blossoming altar of Fedhas.
  6403 | D:8      | Reached skill level 1 in Evocations
  6485 | D:8      | Noticed a two-headed ogre
  6489 | D:8      | Killed a two-headed ogre
  6995 | D:8      | Reached XP level 10. HP: 30/77 MP: 11/11
  7889 | D:9      | Found Delumyil's Hallowed Reliquary.
  7889 | D:9      | Noticed an angel
  7931 | D:9      | Bought a potion of heal wounds for 60 gold pieces
  7931 | D:9      | Bought a potion of curing for 36 gold pieces
  7931 | D:9      | Bought a potion of curing for 36 gold pieces
  8028 | D:9      | Noticed Maggie
  8038 | D:9      | Killed Maggie
  8085 | D:9      | Noticed Grum
  8091 | D:9      | Reached skill level 15 in Armour
  8099 | D:9      | Killed Grum
  8494 | D:10     | Entered Level 10 of the Dungeon
  8788 | D:10     | Found a staircase to the Lair.
  8809 | D:10     | Reached skill level 5 in Invocations
  8898 | D:10     | Found a staircase to the Orcish Mines.
  8926 | D:10     | Reached ***** piety under Lugonu
  9456 | D:11     | Noticed a boulder beetle
  9460 | D:11     | Noticed a four-headed hydra
  9468 | D:11     | Noticed Nergalle
  9474 | D:11     | Killed a five-headed hydra
  9475 | D:11     | Reached XP level 11. HP: 61/84 MP: 13/13
  9476 | D:11     | Killed a boulder beetle
  9481 | D:11     | Killed Nergalle
  9482 | D:11     | Reached skill level 5 in Fighting
  9815 | D:11     | Noticed a two-headed ogre
  9819 | D:11     | Noticed a boulder beetle
 10061 | D:11     | Noticed Erolcha
 10070 | D:11     | Killed Erolcha
 10145 | D:11     | Killed a two-headed ogre
 10146 | D:11     | Reached skill level 15 in Axes
 10252 | D:11     | Killed a boulder beetle
 10479 | D:11     | Noticed a two-headed ogre
 10487 | D:11     | Killed a two-headed ogre
 10616 | D:11     | Identified the +2 pair of gloves "Kifoad" {Harm Drain rF++
                  | MP+9}
 10761 | Lair:1   | Entered Level 1 of the Lair of Beasts
 10944 | Lair:1   | Reached XP level 12. HP: 59/96 MP: 15/15
 11346 | Lair:1   | Noticed a catoblepas
 11356 | Lair:1   | Killed a catoblepas
 12045 | Lair:2   | Noticed a seven-headed hydra
 12063 | Lair:2   | Killed an eight-headed hydra
 12742 | Lair:2   | Found a runed translucent door.
 12742 | Lair:2   | Found a shimmering altar of Xom.
 12742 | Lair:2   | Noticed Rrauwl's ghost (journeyman TrMo)
 13101 | Lair:2   | Found a staircase to the Shoals.
 13281 | Lair:3   | Found a staircase to the Snake Pit.
 13374 | Lair:3   | Identified the +7 dagger "Lifebane" {flame, Str+4}
 13421 | Lair:3   | Noticed a boulder beetle
 13436 | Lair:3   | Killed a boulder beetle
 13455 | Lair:3   | Noticed an eight-headed hydra
 13479 | Lair:3   | Killed an eight-headed hydra
 13710 | Lair:3   | Reached XP level 13. HP: 102/102 MP: 16/16
 14580 | Lair:4   | Reached ****** piety under Lugonu
 14897 | Lair:4   | Noticed Nessos
 14922 | Lair:4   | Killed Nessos
 15642 | Lair:4   | Found a staircase to the Slime Pits.
 15643 | Lair:4   | Found a viscous altar of Jiyva.
 15787 | Lair:4   | Reached skill level 10 in Invocations
 16434 | Lair:4   | Noticed Josephine
 16442 | Lair:4   | Killed Josephine
 16702 | Lair:5   | Entered Level 5 of the Lair of Beasts
 17479 | Lair:5   | Reached skill level 10 in Fighting
 17738 | Lair:5   | Reached XP level 14. HP: 121/121 MP: 20/20
 19012 | Lair:2   | Killed Rrauwl's ghost
 19018 | Lair:2   | Identified the +0 leather armour of the Heavens {rElec
                  | rN+++ Dex-2 SInv}
 19513 | D:12     | Found a shadowy altar of Dithmenos.
 20446 | D:13     | Found a gate to the Vaults.
 20641 | D:13     | Reached skill level 5 in Dodging
 21617 | D:15     | Entered Level 15 of the Dungeon
 22106 | Orc:1    | Entered Level 1 of the Orcish Mines
 22189 | Orc:2    | Entered Level 2 of the Orcish Mines
 22307 | Orc:2    | Found a frozen archway.
 22316 | IceCv    | Entered an ice cave
 23017 | Orc:2    | Found a staircase to the Elven Halls.
 23042 | Orc:2    | Found Ajatakh's Weapon Shop.
 23085 | Orc:2    | Reached skill level 1 in Shields
 23352 | Orc:2    | Bought 2 boomerangs of dispersal for 51 gold pieces
 23399 | Orc:2    | Reached XP level 15. HP: 88/132 MP: 20/22
 23840 | Orc:2    | Reached skill level 5 in Evocations
 24023 | Orc:2    | Found Becsap's Magic Scroll Shop.
 24023 | Orc:2    | Found Cana Gur's Magic Scroll Emporium.
 24025 | Orc:2    | Found Wobirgh's Assorted Antiques.
 24027 | Orc:2    | Found Modamn's Jewellery Boutique.
 24031 | Orc:2    | Bought a scroll of teleportation for 39 gold pieces
 24031 | Orc:2    | Bought a scroll of teleportation for 39 gold pieces
 24031 | Orc:2    | Bought a scroll of enchant weapon for 97 gold pieces
 24031 | Orc:2    | Bought a scroll of fog for 52 gold pieces
 24032 | Orc:2    | Bought a scroll of torment for 123 gold pieces
 24039 | Orc:2    | Bought an amulet of regeneration for 540 gold pieces
 24039 | Orc:2    | Bought the ring of Amer Boi {rF+ rN+ rCorr Stlth+} for 763
                  | gold pieces
 24824 | D:13     | Reached skill level 5 in Shields
 25006 | D:14     | Identified the ring of Igi Wog {rF+ rN+ Will+ Dex+3}
 25019 | D:14     | Identified the +0 rapier "Ultimatum" {protect, rElec}
 25497 | D:15     | Identified the +4 hand axe "Ydedey" {flame, rC+ Will++
                  | Stlth+}
 25902 | D:15     | Reached skill level 10 in Shields
 26070 | D:15     | Found a staircase to the Depths.
 26924 | Elf:1    | Entered Level 1 of the Elven Halls
 27802 | Elf:1    | Reached XP level 16. HP: 139/139 MP: 23/23
 27812 | Elf:1    | Got the Tractate on Outbursts
 28396 | Slime:1  | Entered Level 1 of the Pits of Slime
 28515 | Slime:1  | Gained mutation: You occasionally lose the ability to read
                  | scrolls when taking damage. [a shining eye]
 28574 | Slime:1  | Gained mutation: You are robust. (+10% HP) [a shining eye]
 28577 | Slime:1  | Gained mutation: You occasionally lose the ability to drink
                  | potions when taking damage. [a shining eye]
 28578 | Slime:1  | Gained mutation: Your magical capacity is low. (-10% MP) [a
                  | shining eye]
 28619 | Slime:1  | Reached skill level 15 in Shields
 29096 | Snake:1  | Entered Level 1 of the Snake Pit
 29176 | Snake:1  | Noticed Agnes
 29181 | Snake:1  | Killed Agnes
 29186 | Snake:1  | Found Suchoxt's Assorted Antiques.
 29208 | Snake:1  | Bought a scroll labelled VULIDI WERRY for 23 gold pieces
 29209 | Snake:1  | Noticed Aizul
 29220 | Snake:1  | Killed Aizul
 29276 | Snake:1  | Found Fiurhobb's Weapon Shoppe.
 29788 | Snake:1  | Found Wiskief's General Store.
 29852 | Snake:1  | Noticed Rupert
 29868 | Snake:1  | Demolished by Rupert

Illustrated notes

Levels and vault maps discovered:
D:1:      matt_arrival_diagonals, layout_basic
D:2:      layout_rooms, shapermc_ecumenical_altar_mp_urbaneastern, basic_altar,
          uniq_natasha
D:3:      layout_rooms, serial_curves, eino_curves_02, eino_curves_04,
          minmay_crystal_water, uniq_jessica, uniq_ijyb, uniq_sigmund,
          uniq_terence, uniq_crazy_yiuf_cottage
D:4:      layout_loops_corners, hangedman_abyss_or_decor_lesser_grid
D:5:      minmay_diamond_boxcup, layout_cave_pools, grunt_ministairs_2,
          kennysheep_generic_room_3
D:6:      layout_basic, mainiacjoe_overflow_six_doors_small
D:7:      layout_basic, elyvilon_altar_1, minmay_temple_entry_sparse_star
D:8:      layout_gridville, amethyst_overflow_temple_binary
D:9:      layout_loops_corners, nicolae_good_shop, uniq_grum, uniq_maggie
D:10:     layout_irregular_city, lair_entry_dummy, zombieorc2_lemuel
D:11:     layout_rooms, grunt_ministairs_5, chequers_serial_rivers_micro_a,
          minmay_checkerbox, uniq_nergalle, uniq_erolcha
D:12:     layout_small_grid, serial_rivers, chequers_serial_rivers_small_a,
          chequers_serial_rivers_large_a, chequers_serial_rivers_micro_e,
          chequers_serial_rivers_small_3, grunt_dithmenos_smoke
D:13:     nicolae_BIG_FREAKIN_CUBE, layout_basic,
          hangedman_vaults_entry_quadrant_bands, gauntlet_entry_generic
D:14:     layout_rooms, hangedman_decor_clover_reticule
D:15:     gammafunk_enter_depths_forms, layout_cave_pods,
          chequers_serial_rivers_micro_e
Temple:   dpeg_five_rooms_temple
Lair:1:   layout_gridlike, grunt_megastairs_3
Lair:2:   layout_small_grid, minmay_shoals_entry_hut, ebering_ghost_xom,
          nicolae_quartered_pool_super, forest_entry_grove,
          infiniplex_staircase_pool_2
Lair:3:   layout_layer_cave, guppyfry_snake_entry_island, grunt_megastairs_1
Lair:4:   onia_ninara_swampy_vault, layout_gridlike, slime_entry_1,
          beast_lair_carwin_3, serial_bayou_shore_b, uniq_nessos, uniq_josephine
Lair:5:   hangedman_lair_tendril_chambers, layout_cave_shapes, wormcave,
          st_stairs_6, wad_woods_03
Snake:1:  layout_cave_pods, serial_shops, nicolae_shop_behind_doors,
          nicolae_take_the_stairs, shop, shop_statue,
          nicolae_snake_gridmaze_spiral, grunt_ministairs_6, uniq_aizul,
          uniq_rupert, uniq_agnes, uniq_donald
Slime:1:  layout_caves, basic_altar, cheibrodos_slime_lost_civilization_5
Orc:1:    layout_diamond_mine
Orc:2:    st_orc_rangers, layout_diamond_mine, serial_shops, shop,
          portal_ice_cave_entry_pillars_1
Elf:1:    eino_elf_arrival_sip, layout_loops_corners, minmay_elf_annihilation,
          nicolae_elf_glass_and_crystal_pillar_1,
          chequers_hall_statues_corner_a, serial_sigils_hangedman_etch,
          abandoned_shop

Skill      XL: |  1  2  3  4  5  6  7  8  9 10 11 12 13 14 15 16 |
---------------+-------------------------------------------------+-----
Invocations    | 2 3 5 6 10 11 | 11.0
Fighting       | 4 6 10 12 | 12.0
Armour         | 3 4 5 8 11 14 17 18 20 | 20.0
Axes           | 3 4 6 7 9 10 12 14 16 19 20 | 20.0
Dodging        | 2 3 5 |  5.0
Evocations     | 2 3 4 5 |  5.0
Shields        | 1 13 16 | 16.6

Action                   |  1- 3 |  4- 6 |  7- 9 | 10-12 | 13-15 | 16-18 || total
-------------------------+-------+-------+-------+-------+-------+-------++-------
Melee: Hand axe          |    58 |    87 |     8 |       |       |       ||   153
       Headbutt          |     7 |    15 |    33 |   108 |   292 |    51 ||   506
       Punch             |     1 |     1 |     7 |       |       |       ||     9
       War axe           |       |       |   235 |   413 |   738 |       ||  1386
       Shillelagh        |       |       |       |     6 |       |       ||     6
       Broad axe         |       |       |       |       |   454 |   215 ||   669
Throw: Throwing net      |       |       |       |       |     1 |       ||     1
       Dart              |       |       |       |       |    11 |       ||    11
Invok: Depart the Abyss  |     1 |       |       |       |       |       ||     1
       Banish            |       |       |       |     3 |       |       ||     3
Evoke: Wand              |       |       |     2 |    39 |    52 |     3 ||    96
       Lightning rod     |       |       |       |       |     8 |       ||     8
       Piece from Xom's  |       |       |       |       |     2 |     2 ||     4
       Phantom mirror    |       |       |       |       |       |     1 ||     1
  Use: Scroll            |     6 |     1 |     2 |     5 |    18 |     3 ||    35
       Potion            |     6 |     8 |     3 |     6 |    13 |     6 ||    42
 Stab: Paralysed         |       |       |       |     4 |       |       ||     4
Armor: Leather armour    |    15 |     7 |       |       |       |       ||    22
       Chain mail        |       |    14 |   132 |   204 |   497 |    48 ||   895
       Skin              |       |       |       |       |     8 |    16 ||    24
Dodge: Dodged            |    38 |    43 |    95 |   200 |   457 |    50 ||   883
       Repelled          |       |       |       |       |    13 |     4 ||    17
Block: Tower shield      |       |       |       |       |   382 |   216 ||   598
